 Dungeon Crawl Stone Soup version 0.30-a0-723-gc1506a1cf0 (webtiles) character file.

Game seed: 2034860032988472047

182 hbarley the Chopper (level 5, 0/41 HPs)
             Began as a Hill Orc Wanderer on Jan 28, 2023.
             Was an Initiate of Hepliaklqana.
             Splashed by a jelly's acid (9 damage)
             ... on level 4 of the Dungeon.
             The game lasted 00:19:04 (3631 turns).

hbarley the Chopper (Hill Orc Wanderer)             Turns: 3631, Time: 00:19:05

Health: 0/41       AC:  0    Str: 17    XL:     5   Next: 62%
Magic:  7/7        EV: 10    Int: 14    God:    Hepliaklqana [......]
Gold:   161        SH:  0    Dex: 13    Spells: 6/7 levels left

rFire   . . .      SeeInvis .    a - +2 hand axe
rCold   . . .      Faith    .    (no shield)
rNeg    . . .      Spirit   .    h - +0 ring mail
rPois   .          Reflect  .    n - +0 helmet
rElec   +          Harm     .    y - +0 cloak
rCorr   .          Rampage  .    (no gloves)
Will    .....                    b - +0 pair of boots
Stlth   +                        s - amulet of Departure {Acrobat rElec Dex+5}
HPRegen 0.26/turn                (no ring)
MPRegen 0.10/turn                (no ring)

@: corroded
A: no striking features
a: Renounce Religion


You were on level 4 of the Dungeon.
You worshipped Hepliaklqana.
Hepliaklqana was noncommittal.
You visited 2 branches of the dungeon, and saw 5 of its levels.

You collected 161 gold pieces.

Inventory:

Hand Weapons
 a - a +2 hand axe (weapon)
Missiles
 v - 5 boomerangs of dispersal
Armour
 b - a +0 pair of boots (worn)
 d - a +0 robe
 e - a +0 leather armour
 h - a +0 ring mail (worn)
 n - a +0 helmet (worn)
 y - a +0 cloak (worn)
Jewellery
 s - the amulet of Departure (around neck) {Acrobat rElec Dex+5}
   (You found it on level 2 of the Dungeon)

   [amulet of the acrobat]

   It increases your evasion while moving and waiting.
   Dex:       It affects your dexterity (+5).
   rElec:     It insulates you from electricity.
Wands
 u - a wand of charming (10)
Scrolls
 g - 2 scrolls of blinking {unknown}
 i - a scroll of fear {unknown}
 j - a scroll of torment {unknown}
 m - 2 scrolls of silence {unknown}
 o - 6 scrolls of identify {unknown}
 t - a scroll of immolation {unknown}
 x - a scroll of acquirement {unknown}
Potions
 c - 2 potions of heal wounds
 f - 2 potions of brilliance {unknown}
 k - a potion of resistance {unknown}
 l - a potion of cancellation {unknown}
 p - 2 potions of curing
 q - a potion of degeneration {unknown}
 r - a potion of flight {unknown}
 w - 2 potions of mutation {unknown}
 z - a potion of might {unknown}


   Skills:
 + Level 2.2 Fighting
 + Level 6.6 Axes
 + Level 2.4 Armour
 + Level 0.3 Dodging
 + Level 1.5 Stealth
 + Level 1.8 Spellcasting
 + Level 1.0 Hexes
 + Level 1.0 Evocations


You had 6 spell levels left.
You knew the following spells:

 Your Spells              Type           Power      Damage    Failure   Level
a - Slow                  Hex            16%        N/A       28%         1

Your spell library contained the following spells:

 Spells                   Type           Power      Damage    Failure   Level
 Confusing Touch          Hex            4%         N/A       65%         3


Dungeon Overview and Level Annotations

Branches:
Dungeon (4/15)             Temple (1/1) D:4

Altars:
Cheibriados
Dithmenos
Fedhas
Hepliaklqana
Makhleb
Okawaru
Ru
Sif Muna
Uskayaw
Vehumet
Wu Jian
Xom
Yredelemnul
Zin
The Shining One

Shops:
D:2 !   D:4 ?


Message History

You open the door.
There is an open door here.
A kobold comes into view. It is wielding a +0 club.
The kobold shouts!
You slash the kobold!
You kill the kobold!
Things that are here:
a +0 club; a kobold corpse You open the door.
A jelly comes into view.
The jelly quivers.
Found two bat skeletons.
A jelly and 6 endoplasms come into view.
Found five items.
The jelly quivers.
The jelly completely misses you.
There is an open door here.
You hit the jelly.
Your hands burn!
The jelly is moderately wounded.
The endoplasm quivers.
The jelly hits you but does no damage.
You completely miss the jelly.
The jelly is moderately wounded.
The endoplasm quivers.
The endoplasm hits the fungus.
The fungus begins to die.
The jelly hits you. The acid corrodes you!
You are splashed with acid!
You barely miss the jelly.
The jelly is moderately wounded.
The endoplasm quivers.
The jelly hits you.
You are splashed with acid!
You hit the jelly. The acid corrodes you!
Your hands burn!
The jelly is heavily wounded.
The jelly closely misses you.
You hit the jelly.
Your hands burn!
* * * LOW HITPOINT WARNING * * *
The jelly is severely wounded.
The jelly hits you.
* * * LOW HITPOINT WARNING * * *
You are splashed with acid!
You die...

#........###.....####...#
#.###
#######.###.).....##..#.#
#.# #.# #.......##.##.#
#.# #.# #.......#####.#
#.# #.# #.......# #.# #.#
#.# #....#### #.# #.# #.#
#....'..## ##.###.#
######.# ########.#
#......# #......#
##JJ@)..####.....##
#.###### #'#######
#......## #†# #...P÷PJ..
#.......### #.#
#.P.P.JJJ. #..........
#.# #.PJ..J...
#.#####.### #.#
#÷.÷..P.P. #..###.####
#.# #÷.÷÷J....
#.......... #.#
#...P....! #.....#####
#.# ##########
#......####


You could see a jelly and an endoplasm.

Vanquished Creatures
  A hound (D:4)
  Jessica (D:2)
  2 adders (D:4)
  A worm (D:4)
  5 dart slugs
  2 orcs
  4 bats
  8 endoplasms
  A giant cockroach (D:1)
  8 goblins
  6 hobgoblins
  10 jackals
  7 quokkas
  8 ball pythons
  7 frilled lizards
  13 kobolds
  8 rats
92 creatures vanquished.

Vanquished Creatures (others)
  A fungus (D:4)
  8 toadstools (D:4)
9 creatures vanquished.

Grand Total: 101 creatures vanquished

Notes
Turn   | Place    | Note
-------+----------+-------------------------------------------
     0 | D:1      | hbarley the Hill Orc Wanderer began the quest for the Orb.
     0 | D:1      | hbarley set off with the following items: a +2 hand axe, a
                  | +0 pair of boots, a potion of heal wounds, a +0 robe; and
                  | the following spell memorised: Slow; and the following
                  | spells available to memorise: Confusing Touch.
     0 | D:1      | Reached XP level 1. HP: 16/16 MP: 3/3
   162 | D:1      | Reached XP level 2. HP: 14/23 MP: 4/4
   453 | D:1      | Reached XP level 3. HP: 28/28 MP: 5/5
   729 | D:1      | Reached skill level 5 in Axes
  1191 | D:2      | Noticed Jessica
  1307 | D:2      | Reached XP level 4. HP: 19/36 MP: 6/6
  1323 | D:2      | HP: 1/36 [Jessica/nerve-wracking pain (12)]
  1325 | D:2      | Killed Jessica
  1343 | D:2      | Identified the amulet of Departure {Acrobat rElec Dex+5}
  1534 | D:2      | Found a faded altar of an unknown god.
  1558 | D:2      | Found Quss's Distillery.
  1960 | D:3      | Reached skill level 6 in Axes
  2348 | D:4      | Found a glowing golden altar of the Shining One.
  2367 | D:4      | Reached XP level 5. HP: 41/41 MP: 7/7
  2398 | D:4      | Found Kosou's Magic Scroll Emporium.
  2448 | D:4      | Found a shimmering altar of Xom.
  2568 | D:4      | Found a staircase to the Ecumenical Temple.
  2596 | Temple   | Entered the Ecumenical Temple
  2866 | Temple   | Became a worshipper of Hepliaklqana the Forgotten
  3631 | D:4      | Splashed by a jelly's acid

Illustrated notes

Levels and vault maps discovered:
D:1:      psy_arrival_spokes, layout_loops_ring
D:2:      layout_basic, chequers_ecumenical_altar_island, serial_shops, shop,
          amethyst_killhole, uniq_jessica
D:3:      layout_basic, roderic_serpentine_path
D:4:      cheibrodos_fertilizer, layout_loops_ring, general_overflow_altar,
          mainiacjoe_overflow_24_doors, minmay_temple_entry_grid, serial_shops,
          nicolae_take_the_stairs, minmay_misc_feat_room
Temple:   oiseaux_autumnal_temple

Skill      XL: |  1  2  3  4  5 |
---------------+----------------+-----
Axes           | 5 6 |  6.6
Fighting       | 2 |  2.2
Armour         | 2 |  2.4
Dodging        | |  0.3
Stealth        | |  1.5
Spellcasting   | |  1.8
Hexes          | |  1.0
Evocations     | |  1.0

Action                     |  1- 3 |  4- 6 || total
---------------------------+-------+-------++-------
  Melee: Hand axe          |   125 |   127 ||   252
         Punch             |     1 |       ||     1
    Use: Potion            |       |     2 ||     2
 Armour: Ring mail         |    50 |    31 ||    81
  Dodge: Dodged            |    62 |    87 ||   149

Table legend: (Time is in decaauts)
 A = Elapsed time spent in this place.
 B = Non-inter-level travel time spent in this place.
 C = Inter-level travel time spent in this place.
 D = Time resting spent in this place.
 E = Time spent auto-exploring this place.
 F = Levels seen in this place.
 G = Mean time per level.
                   A        B        C        D        E       F      G
               +--------+--------+--------+--------+--------+-----+--------+
         Total |   3655 |   3060 |    595 |    466 |   1920 |   5 |  731.0 |
       Dungeon |   3354 |   3031 |    323 |    466 |   1896 |   4 |  838.5 |
        Temple |    301 |     30 |    271 |      0 |     24 |   1 |  301.0 |
               +--------+--------+--------+--------+--------+-----+--------+

Top non-repeatable levels by time:
     D:4: 1087 daAuts
     D:2: 853 daAuts
     D:1: 847 daAuts
     D:3: 566 daAuts
  Temple: 301 daAuts
